 Dungeon Crawl Stone Soup version 0.19-a0-585-ge40200b (webtiles) character file.

45 Delvonshi the Conjurer (level 3, 0/19 HPs)
             Began as a Kobold Conjurer on June 9, 2016.
             Slain by a bat (1 damage)
             ... on level 2 of the Dungeon.
             The game lasted 00:05:26 (1240 turns).

Delvonshi the Conjurer (Kobold Conjurer)            Turns: 1240, Time: 00:05:27

Health: 0/19       AC:  2    Str:  6    XL:     3   Next: 90%
Magic:  6/6        EV: 16    Int: 13    God:
Gold:   51         SH:  0    Dex: 17    Spells: 1 memorised, 5 levels left

rFire  . . .     SeeInvis .     l - +0 short sword
rCold  . . .     Gourm    .     a - +0 robe
rNeg   . . .     Faith    .     (shield restricted)
rPois  .         Spirit   .     (no helmet)
rElec  .         Dismiss  .     (no cloak)
rCorr  .         Reflect  .     (no gloves)
SustAt .         Harm     .     (no boots)
MR     .....                    (no amulet)
Stlth  ++........               (no ring)
                                (no ring)

@: not resistant to hostile enchantments, unstealthy
A: blurry vision 1, carnivore 3
a: no special abilities


You were on level 2 of the Dungeon.
You were not hungry.

You visited 1 branch of the dungeon, and saw 2 of its levels.

You collected 51 gold pieces.

Inventory:

Hand Weapons
 l - a +0 short sword (weapon)
Armour
 a - a +0 robe (worn)
Scrolls
 d - a scroll of amnesia
 e - a scroll of magic mapping
Potions
 f - a potion of magic
Books
 b - a book of Conjurations

   Spells                             Type                      Level
   a - Magic Dart                     Conjuration                  1
   b - Searing Ray                    Conjuration                  2
   c - Dazzling Spray                 Conjuration/Hexes            3
   d - Fulminant Prism                Conjuration/Hexes            4
   e - Iskenderun's Mystic Blast      Conjuration                  4
   f - Iskenderun's Battlesphere      Conjuration/Charms           5
Comestibles
 c - a meat ration


   Skills:
 + Level 3.2 Dodging
 + Level 2.6 Stealth
 + Level 0.2 Unarmed Combat
 - Level 2.0 Spellcasting
 + Level 4.4 Conjurations


You had 5 spell levels left.
You knew the following spells:

 Your Spells              Type           Power        Failure   Level  Hunger
a - Magic Dart            Conj           ##..         6%          1    ##.....


Dungeon Overview and Level Annotations

Branches:
Dungeon (2/15)

Altars:

Annotations:
D:2 Natasha


Innate Abilities, Weirdness & Mutations

You are small and have problems with some larger weapons.
You are carnivorous and can eat meat at any time.
Scrolls take you a little longer to read.


Message History

The bat hits you but does no damage.
The white imp lashes its tail.
The bat closely misses you. The bat closely misses you.
The bat barely misses you.
Found a scroll labeled DYIX JAKEROQAS.
The bat hits you.
* * * LOW HITPOINT WARNING * * *
The bat misses you.
A giant newt comes into view.
The bat hits you.
* * * LOW HITPOINT WARNING * * *
The bat closely misses you.
It was a potion of cancellation.
You feel magically purged. The bat misses you. The bat barely misses you.
It was a potion of mutation.
You feel extremely strange.
You feel weaker.
You feel stronger.
Your vision blurs.
The white imp disappears in a puff of smoke!
The bat hits you.
You die...

**,***,,,,,***,<,,,,**********,*
,,,,,,,,,,,,,,,****,* *,*
,,,,,*,,,,,,,,*****.#* *,**
**,,*,,,,,8,,,,,,,*,.* *,,,
,,,,,,,,,8,8,,,**,**.########*,,,
*,,****,8._,8,***,,,...,.....,,,,
,,,****,,8.8,,* ****#.#..(..#*,,,
,,,,,,,,,.8?..#######.#.....#****
**,***,,,.l.....@bbg§.......#
**,,***,,..##########h......#
***,***,**** #.....%...#
,,,,,<,,* #g#.####### ***,*****
###b#.# * *.#* #...#.# *,.###
####5###.# **,..# #..h.# #.#
**#.# #h#### #.#


You could see Natasha, a hobgoblin, 2 bats and a giant newt.

Vanquished Creatures
  A gnoll (D:1)
  An ooze (D:1)
  A dart slug (D:1)
  2 giant geckos (D:1)
  3 giant cockroaches (D:1)
  2 hobgoblins (D:1)
  7 jackals (D:1)
  3 bats (D:1)
  A goblin (D:1)
  4 kobolds
  A rat (D:1)
26 creatures vanquished.

Notes
Turn   | Place    | Note
--------------------------------------------------------------
     0 | D:1      | Delvonshi the Kobold Conjurer began the quest for the Orb.
     0 | D:1      | Reached XP level 1. HP: 10/10 MP: 3/3
   258 | D:1      | Reached XP level 2. HP: 15/15 MP: 1/5
   275 | D:1      | Reached skill level 4 in Conjurations
   747 | D:1      | Reached XP level 3. HP: 12/19 MP: 0/6
  1196 | D:2      | Noticed Natasha
  1240 | D:2      | Gained mutation: You are weak. (Str -2) [potion of mutation]
  1240 | D:2      | Lost mutation: You are weak. (Str -2) [potion of mutation]
  1240 | D:2      | Gained mutation: Scrolls take you a little longer to read. [potion of mutation]
  1240 | D:2      | Slain by a bat

Vault maps used:
D:1:      dpeg_arrival_fog
D:2:      makhleb_altar_promises_db, ecumenical_altar_2, first_bread,
          uniq_natasha

Skill      XL: |  1  2  3 |
---------------+----------+-----
Conjurations   | 4 |  4.4
Dodging        | 3 |  3.2
Stealth        | |  2.6
Unarmed Combat | |  0.2
Spellcasting   | |  2.0

Action                   || total
-------------------------++-------
Melee: Unarmed           ||    37
       Short sword       ||    16
 Cast: Magic Dart        ||    55
  Use: Scroll            ||     5
       Potion            ||     2
 Stab: Sleeping          ||     1
  Eat: Chunk             ||     2
Armor: Robe              ||    19
Dodge: Dodged            ||   107
